 Dungeon Crawl Stone Soup version 0.18-a0-1014-g3bbf375 (webtiles) character file.

122 nubinia the Grave Robber (level 4, 0/30 HPs)
             Began as a Demonspawn Necromancer on Jan 6, 2016.
             Slain by a gnoll
             ... wielding a +0 club
              (6 damage)
             ... on level 3 of the Dungeon.
             The game lasted 00:11:10 (2637 turns).

nubinia the Grave Robber (Demonspawn Necromancer)   Turns: 2637, Time: 00:11:11

Health: 0/30       AC:  2    Str:  8    XL:     4   Next: 78%
Magic:  2/8        EV: 13    Int: 17    God:
Gold:   154        SH:  0    Dex: 14    Spells: 3 memorised, 4 levels left

rFire  . . .     SeeInvis .     d - +0 dagger
rCold  + . .     Gourm    .     a - +0 robe
rNeg   . . .     Faith    +     (no shield)
rPois  .         Spirit   .     (no helmet)
rElec  .         Dismiss  .     (no cloak)
rCorr  .         Reflect  .     (no gloves)
SustAt .         Harm     .     (no boots)
MR     .....                    f - amulet of faith
Stlth  ++........               (no ring)
                                o - ring of protection from cold

@: not resistant to hostile enchantments, unstealthy
A: talons 2
a: no special abilities


You were on level 3 of the Dungeon.
You were hungry.

You visited 1 branch of the dungeon, and saw 3 of its levels.

You collected 154 gold pieces.

Inventory:

Hand Weapons
 d - a +0 dagger (weapon)
Armour
 a - a +0 robe (worn)
 i - a +0 helmet
Jewellery
 f - an amulet of faith (around neck)
 o - a ring of protection from cold (left hand)
Scrolls
 g - a scroll of magic mapping {unknown}
 h - a scroll of immolation {unknown}
 j - a scroll of enchant armour {unknown}
 k - a scroll of blinking {unknown}
 l - a scroll of teleportation {unknown}
 s - a scroll of amnesia {unknown}
Potions
 e - a potion of brilliance
 m - a potion of degeneration
 q - a potion of flight {unknown}
Books
 b - a book of Necromancy

   Spells                             Type                      Level
   a - Pain                           Necromancy                   1
   b - Animate Skeleton               Necromancy                   1
   c - Vampiric Draining              Necromancy                   3
   d - Regeneration                   Charms/Necromancy            3
   e - Animate Dead                   Necromancy                   4
   f - Control Undead                 Necromancy                   4
Comestibles
 c - 2 bread rations
 n - 4 fruits
 p - 2 meat rations


   Skills:
 + Level 0.2 Fighting
 + Level 0.3 Short Blades
 + Level 2.4 Dodging
 + Level 2.3 Stealth
 + Level 3.0 Spellcasting
 + Level 5.4 Necromancy


You had 4 spell levels left.
You knew the following spells:

 Your Spells              Type           Power        Failure   Level  Hunger
a - Pain                  Necr           ###.         1%          1    None
b - Vampiric Draining     Necr           ###.......   8%          3    ###....
S - Animate Skeleton      Necr           N/A          1%          1    None


Dungeon Overview and Level Annotations

Branches:
Dungeon (3/15)

Altars:
Trog


Innate Abilities, Weirdness & Mutations

You have razor-sharp toenails.


Message History

You closely miss the gnoll. The gnoll closely misses you.
You barely miss the gnoll. Your kick misses the gnoll. You hit the gnoll.
The gnoll is moderately wounded.
The gnoll misses you.
You hit the gnoll but do no damage. You claw the gnoll, but do no damage.
The gnoll is moderately wounded.
The gnoll hits you with a club.
You completely miss the gnoll.
The gnoll is moderately wounded.
The gnoll hits you with a club!
* * * LOW HITPOINT WARNING * * *
Casting: Vampiric Draining
Confirm with . or Enter, or press ? or * to list all spells.
Aiming: Vampiric Draining
Press: ? - help, Shift-Dir - straight line, f - gnoll
Aim: a gnoll, wielding a club (moderately wounded)
The gnoll is severely wounded.
You feel life coursing into your body. The gnoll hits you with a club.
You die...

.........#.# #.# ...#####.#.# #.#
#..#####.#.###.# ...............#
.........#.#######
...#######........
...<........###### #############
###########.#########............
............@gg#..#.....##
#######.######...###.....## #.#
#..## ##..⌠..# #.# #...##+g.....#
#.# #.#..#..PP..## #.#
#.##...P≈≈P..# .>. #.##.....P...#
## #.#####......# #.# ####..##


You could see 2 gnolls.

Vanquished Creatures
  5 gnolls
  4 adders (D:2)
  A worm (D:2)
  4 orcs (D:3)
  A giant cockroach (D:2)
  5 goblins
  7 hobgoblins
  2 giant newts (D:2)
  4 kobolds
  2 rats
35 creatures vanquished.

Vanquished Creatures (collateral kills)
  An ooze (D:2)
1 creature vanquished.

Grand Total: 36 creatures vanquished

Notes
Turn   | Place    | Note
--------------------------------------------------------------
     0 | D:1      | nubinia the Demonspawn Necromancer began the quest for the Orb.
     0 | D:1      | Reached XP level 1. HP: 13/13 MP: 3/3
    35 | D:1      | Learned a level 1 spell: Animate Skeleton
   651 | D:2      | Gained mutation: You have sharp toenails. [demonic ancestry]
   651 | D:2      | Reached XP level 2. HP: 17/19 MP: 1/5
  1098 | D:2      | Reached skill level 5 in Necromancy
  1098 | D:2      | Gained mutation: You have razor-sharp toenails. [demonic ancestry]
  1098 | D:2      | Reached XP level 3. HP: 17/24 MP: 4/6
  1393 | D:2      | Learned a level 3 spell: Vampiric Draining
  1709 | D:2      | Found a bloodstained altar of Trog.
  1817 | D:2      | Reached XP level 4. HP: 21/30 MP: 5/8
  2637 | D:3      | Slain by a gnoll

Vault maps used:
D:1:      mrwooster_arrival_statue
D:2:      supply_closet_lemuel, bloody_trog
D:3:      old_standard_altar, tso_oasis_becter, hangedman_decor_growths,
          guppyfry_early_orc_mine, uniq_terence, uniq_jessica

Action                   |  1- 3 |  4- 6 || total
-------------------------+-------+-------++-------
Melee: Dagger            |    36 |    64 ||   100
 Cast: Pain              |    32 |     4 ||    36
       Animate Skeleton  |     7 |    10 ||    17
       Vampiric Draining |       |     4 ||     4
  Use: Scroll            |     2 |       ||     2
 Stab: Sleeping          |     3 |     2 ||     5
  Eat: Chunk             |     3 |     3 ||     6
